 Dungeon Crawl Stone Soup version 0.30-a0-719-gcc4359ea44 (webtiles) character file.

Game seed: 11237850594522816268

2905 Newt the Thrower (level 9, -3/69 HPs)
             Began as a Demonspawn Gladiator on Jan 26, 2023.
             Was a Follower of Okawaru.
             Killed from afar by an orc wizard (7 damage)
             ... with a magic dart
             ... on level 8 of the Dungeon.
             The game lasted 00:09:12 (8538 turns).

Newt the Thrower (Demonspawn Gladiator)             Turns: 8538, Time: 00:09:13

Health: -3/69      AC: 12    Str: 19    XL:     9   Next: 49%
Magic:  0/9        EV: 12    Int:  9    God:    Okawaru [*.....]
Gold:   226        SH:  0    Dex: 15    Spells: 8/8 levels left

rFire   + . .      SeeInvis .    r - +1 hand axe (drain)
rCold   . . .      Faith    .    (no shield)
rNeg    . . .      Spirit   +    D - +3 ring mail {rF+}
rPois   .          Reflect  .    c - +0 helmet
rElec   .          Harm     .    (no cloak)
rCorr   .          Rampage  .    (no gloves)
Will    .....                    p - +1 pair of boots Stlth
                                 (no amulet)
HPRegen 0.31/turn                t - ring of flight
MPRegen 0.22/turn                (no ring)

@: confused, flying
A: magic shield, magic regeneration, sharp scales 1, demonic touch 1
a: Renounce Religion, Heroism


You were on level 8 of the Dungeon.
You worshipped Okawaru.
Okawaru was aware of your devotion.
You visited 2 branches of the dungeon, and saw 9 of its levels.

You collected 226 gold pieces.

Inventory:

Hand Weapons
 a - a +0 rapier
 r - a +1 hand axe of draining (weapon)
 s - a +0 quick blade
Missiles
 d - 3 throwing nets (quivered)
 e - 3 javelins
 g - 9 poisoned darts
 y - a boomerang
Armour
 b - a +0 leather armour
 c - a +0 helmet (worn)
 p - a +1 pair of boots (worn)
 D - a +3 ring mail of fire resistance (worn)
Jewellery
 t - a ring of flight (left hand)
Wands
 u - a wand of digging (3)
Scrolls
 h - a scroll of vulnerability
 j - 4 scrolls of teleportation
 v - 2 scrolls of magic mapping
 B - a scroll of enchant armour
Potions
 f - 2 potions of magic
 i - 2 potions of brilliance
 k - 4 potions of lignification
 m - a potion of might
 n - 2 potions of degeneration {unknown}
 o - a potion of flight
 q - a potion of mutation
 w - a potion of invisibility {unknown}
 x - 3 potions of curing
 z - 2 potions of attraction {unknown}
 A - a potion of ambrosia
 C - a potion of cancellation {unknown}
 F - a potion of heal wounds


   Skills:
 - Level 6.0 Fighting
 - Level 2.6 Short Blades
 - Level 6.0 Axes
 - Level 8.0 Throwing
 - Level 3.0 Armour
 + Level 3.6 Dodging
 - Level 2.0 Stealth


You had 8 spell levels left.
You didn't know any spells.
Your spell library contained the following spells:

 Spells                   Type           Power      Damage    Failure   Level
 Blink                    Tloc           0%         N/A       71%         2
 Portal Projectile        Hex/Tloc       0%         N/A       90%         3
 Leda's Liquefaction      Hex/Erth       0%         N/A       100%        4
 Manifold Assault         Tloc           0%         N/A       100%        4
 Storm Form               Tmut/Air       0%         N/A       100%        7
 Call Canine Familiar     Summ           Unusable   N/A       N/A         3

Dungeon Overview and Level Annotations

Branches:
Dungeon (8/15)             Temple (1/1) D:5
   Lair: D:8-11

Altars:
Cheibriados
Dithmenos
Fedhas
Gozag
Hepliaklqana
Kikubaaqudgha
Makhleb
Nemelex Xobeh
Okawaru
Qazlal
Ru
Sif Muna
Trog
Uskayaw
Vehumet
Wu Jian

Shops:
D:5 =


Innate Abilities, Weirdness & Mutations

When hurt, damage is shared between your health and your magic reserves.
You regenerate magic rapidly.
You are partially covered in razor-sharp scales. (AC +1, Slay +1)
Your touch may inflict minor irresistible damage on your foes.


Message History

The orc warrior hits you from afar with a +0 trident!
The orc closely misses you. Something hits you but does no damage.
The orc warrior hits you but does no damage.
You hit the orc priest.
The orc priest is lightly wounded.
You hit something. Okawaru accepts your kill.
Reactivating autopickup.
You feel a bit more experienced.
You hit the orc but do no damage. You drain the orc.
The orc priest mumbles some strange prayers to Beogh against you.
Beogh smites you! The orc warrior barely misses you.
The orc hits you with a +0 war axe.
* * * LOW HITPOINT WARNING * * *
The orc warrior barely misses you. The orc attacks as you move away!
The orc barely misses you.
The orc priest calls down the wrath of Beogh upon you.
Pain shoots through your body!
* * * LOW HITPOINT WARNING * * *
The orc warrior hits you but does no damage.
The orc warrior hits you from afar with a +0 halberd!
* * * LOW HITPOINT WARNING * * *
The orc attacks as you move away! The orc closely misses you.
Okay, then.
You barely miss the orc priest. Your touch misses the orc priest.
The orc priest is lightly wounded.
The orc warrior hits you from afar with a +0 halberd.
* * * LOW HITPOINT WARNING * * *
As you read the scroll of fear, it crumbles to dust.
You assume a fearsome visage.
The orc warrior looks frightened!
The orc looks frightened!
The orc warrior looks frightened!
The orc priest looks frightened!
The orc warrior mumbles, "Damn and blast!"
You hear some strange, mumbled words.
Deactivating autopickup; reactivate with Ctrl-A.
You are confused.
You bump into the rock wall.
A magic dart appears from out of thin air!
The magic dart hits you!
You die...

### #<# #.# #.# #@#
#.############
#{............
######.###.......##
...............o....
###########.........
....{o.o))......
#######.........
#...o.$...


There were no monsters in sight!

Vanquished Creatures
  The ghost of baller8008 the Cudgeller, an amateur HOMo of Beogh (D:4)
  Grinder (D:3)
  Sigmund (D:3)
  A steam dragon (D:6)
  Menkaure (D:4)
  3 water moccasins
  An orc warrior (D:6)
  2 centaurs
  3 ogres
  2 phantoms
  A bullfrog (D:7)
  A gnoll sergeant (D:7)
  4 scorpions
  A crimson imp (D:7)
  4 orc priests
  2 gnoll boudas (D:7)
  A hound (D:6)
  An iguana (D:6)
  4 orc wizards
  Robin (D:2)
  19 gnolls
  9 adders
  A shadow imp (D:7)
  2 white imps (D:7)
  A worm (D:3)
  2 dart slugs
  24 orcs
  6 ball pythons
  3 bats
  7 endoplasms
  A giant cockroach (D:1)
  15 goblins
  9 hobgoblins
  4 jackals (D:2)
  2 quokkas
  2 frilled lizards
  4 kobolds
  5 rats
152 creatures vanquished.

Notes
Turn   | Place    | Note
-------+----------+-------------------------------------------
     0 | D:1      | Newt the Demonspawn Gladiator began the quest for the Orb.
     0 | D:1      | Reached XP level 1. HP: 16/16 MP: 1/1
   120 | D:1      | Reached skill level 1 in Stealth
   428 | D:1      | Gained mutation: You regenerate magic rapidly. [demonic
                  | ancestry]
   428 | D:1      | Reached XP level 2. HP: 14/22 MP: 2/2
   960 | D:2      | Gained mutation: When hurt, damage is shared between your
                  | health and your magic reserves. [demonic ancestry]
   960 | D:2      | Reached XP level 3. HP: 20/28 MP: 3/3
  1021 | D:2      | Noticed Robin
  1427 | D:2      | Killed Robin
  1428 | D:2      | Gained mutation: You are partially covered in razor-sharp
                  | scales. (AC +1, Slay +1) [demonic ancestry]
  1428 | D:2      | Reached XP level 4. HP: 29/37 MP: 4/4
  1858 | D:3      | Noticed Grinder
  1858 | D:3      | You fall into a shaft and drop 3 floors!
  1889 | D:6      | Found a shimmering blue altar of Sif Muna.
  1925 | D:6      | Noticed an orc warrior
  1929 | D:5      | Entered Level 5 of the Dungeon
  2055 | D:5      | Reached skill level 1 in Axes
  2060 | D:5      | Reached XP level 5. HP: 16/42 MP: 0/5
  2266 | D:5      | Noticed a phantom
  2308 | D:5      | Killed a phantom
  2309 | D:5      | Reached skill level 1 in Armour
  2315 | D:5      | Gained mutation: Your touch may inflict minor irresistible
                  | damage on your foes. [demonic ancestry]
  2315 | D:5      | Reached XP level 6. HP: 20/48 MP: 3/6
  2551 | D:5      | Noticed a water moccasin
  2565 | D:5      | Killed a water moccasin
  2566 | D:5      | Reached skill level 2 in Throwing
  2817 | D:5      | Found a stormy altar of Qazlal.
  3057 | D:4      | Reached skill level 3 in Throwing
  3057 | D:4      | Reached XP level 7. HP: 53/54 MP: 7/7
  3233 | D:4      | Reached skill level 4 in Throwing
  3362 | D:4      | Noticed Menkaure
  3371 | D:4      | Killed Menkaure
  3748 | D:4      | Reached skill level 5 in Throwing
  4127 | D:4      | Found a runed translucent door.
  4130 | D:4      | Noticed baller8008's ghost (amateur HOMo)
  4609 | D:3      | Paralysed by Grinder for 5 turns
  4615 | D:3      | Killed Grinder
  4616 | D:3      | Reached skill level 5 in Fighting
  4616 | D:3      | Reached XP level 8. HP: 19/64 MP: 3/8
  4859 | D:3      | Noticed Sigmund
  4871 | D:3      | Killed Sigmund
  5212 | D:5      | Found Jutud's Jewellery Boutique.
  5351 | D:5      | Found a staircase to the Ecumenical Temple.
  5776 | Temple   | Entered the Ecumenical Temple
  5939 | Temple   | Became a worshipper of Warmaster Okawaru
  6003 | D:6      | Reached skill level 5 in Axes
  6152 | D:6      | Found a radiant altar of Vehumet.
  7073 | D:4      | Killed baller8008's ghost
  7074 | D:4      | Reached skill level 6 in Throwing
  7074 | D:4      | Reached XP level 9. HP: 44/69 MP: 7/9
  7330 | D:6      | Reached * piety under Okawaru
  7408 | D:7      | Reached skill level 7 in Throwing
  7967 | D:7      | Reached skill level 8 in Throwing
  8396 | D:7      | Found a burning altar of Makhleb.
  8399 | D:7      | Noticed a blizzard demon
  8530 | D:8      | HP: 1/69 [orc warrior/+0 halberd (4)]
  8538 | D:8      | Killed from afar by an orc wizard

Illustrated notes

Levels and vault maps discovered:
D:1:      dpeg_arrival_oval, layout_basic, minmay_misc_feat_encased,
          minivault_11, minmay_pentomino_s2
D:2:      layout_basic, basic_altar, uniq_robin
D:3:      layout_basic, uniq_grinder, uniq_sigmund
D:4:      layout_basic, ebering_ghost_sewer_d, uniq_menkaure
D:5:      layout_loops_corners, kennysheep_little_box,
          minmay_temple_entry_trees, serial_shops, shop, corexii_corridor_pit
D:6:      layout_loops_ring, nicolae_tso_swordbearing_angel, elyvilon_altar_1,
          nicolae_overflow_crystal_walls, led_sif_pool, glass_columns_c
D:7:      layout_loops_cross, makhleb_altar_promises_db, serial_rivers,
          chequers_serial_rivers_small_b, chequers_serial_rivers_marsh,
          chequers_serial_rivers_small_b, chequers_serial_rivers_micro_a,
          chequers_serial_rivers_room_a, dk_noncrumbling_3,
          minmay_fire_ice_demons
D:8:      layout_basic, mainiacjoe_overflow_six_doors_small,
          mainiacjoe_overflow_surrounded_room, uniq_prince_ribbit1, uniq_maggie
Temple:   hellmonk_temple_forest_ring

Skill      XL: |  1  2  3  4  5  6  7  8  9 |
---------------+----------------------------+-----
Stealth        | 1 2 |  2.0
Fighting       | 3 4 5 6 |  6.0
Axes           | 2 3 6 |  6.0
Armour         | 1 3 |  3.0
Throwing       | 3 5 6 8 |  8.0
Dodging        | 3 |  3.6
Short Blades   | |  2.6

Action                     |  1- 3 |  4- 6 |  7- 9 || total
---------------------------+-------+-------+-------++-------
  Melee: Rapier            |   185 |    26 |       ||   211
         Punch             |     1 |     1 |     1 ||     3
         Hand axe          |       |    69 |   246 ||   315
         Touch             |       |     5 |    43 ||    48
  Throw: Throwing net      |     2 |     2 |     1 ||     5
         Javelin           |     1 |       |     7 ||     8
         Dart              |       |     2 |     8 ||    10
    Use: Scroll            |     4 |       |    13 ||    17
         Potion            |     1 |     2 |     4 ||     7
   Stab: Sleeping          |     5 |     4 |     2 ||    11
         Distracted        |       |     1 |       ||     1
 Armour: Leather armour    |    78 |    49 |    36 ||   163
         Skin              |       |     9 |       ||     9
         Ring mail         |       |       |   116 ||   116
  Dodge: Dodged            |   144 |    58 |   179 ||   381

Table legend: (Time is in decaauts)
 A = Elapsed time spent in this place.
 B = Non-inter-level travel time spent in this place.
 C = Inter-level travel time spent in this place.
 D = Time resting spent in this place.
 E = Time spent auto-exploring this place.
 F = Levels seen in this place.
 G = Mean time per level.
                   A        B        C        D        E       F      G
               +--------+--------+--------+--------+--------+-----+--------+
         Total |   8578 |   8089 |    489 |   1406 |   5544 |   9 |  953.1 |
       Dungeon |   8403 |   7943 |    460 |   1406 |   5408 |   8 | 1050.4 |
        Temple |    174 |    146 |     28 |      0 |    136 |   1 |  174.0 |
               +--------+--------+--------+--------+--------+-----+--------+

Top non-repeatable levels by time:
     D:5: 1809 daAuts
     D:4: 1719 daAuts
     D:6: 1222 daAuts
     D:7: 1037 daAuts
     D:2: 949 daAuts
     D:1: 918 daAuts
     D:3: 564 daAuts
     D:8: 181 daAuts
  Temple: 174 daAuts
